 Dungeon Crawl Stone Soup version 0.32-a0-616-g9348d4545b (webtiles) character file.

Game seed: 2625116407800829212

11 brae the Ruffian (level 2, 16/16 HPs)
             Began as a Gargoyle Shapeshifter on Aug 24, 2022.
             Quit the game on level 1 of the Dungeon on Mar 6, 2024.
             The game lasted 00:01:54 (538 turns).

brae the Ruffian (Gargoyle Shapeshifter)             Turns: 538, Time: 00:01:55

Health: 16/16      AC:  4    Str: 13    XL:     2   Next: 25%
Magic:  5/5        EV: 11    Int: 13    God:
Gold:   42         SH:  0    Dex: 10    Spells: 5/5 levels left

rFire   . .          .
                       - Unarmed
rCold   . . .        (no shield)
rNeg    + . .        a - +0 robe
rPois   ∞            (no helmet)
rElec   +            (no cloak)
rCorr   .            (no gloves)
SInv    .            (no boots)
Will    .....        (no amulet)
Stlth   +            (no ring)
HPRegen 0.22/turn    (no ring)
MPRegen 0.09/turn

%: no passive effects
@: no status effects
A: sickness immunity, AC +2, negative energy resistance 1, electricity
resistance, torment resistance 1, petrification resistance
a: no special abilities


You were on level 1 of the Dungeon.
You visited 1 branch of the dungeon, and saw 1 of its levels.

You collected 42 gold pieces.

Inventory:

Armour
 a - a +0 robe (worn)
Jewellery
 g - a ring of willpower
Scrolls
 e - a scroll of vulnerability {unknown}
 f - 2 scrolls of fear {unknown}
Potions
 b - a potion of lignification
 c - a potion of brilliance {unknown}
 d - a potion of curing {unknown}
 h - a potion of heal wounds {unknown}


   Skills:
 - Level 1.1 Fighting
 - Level 1.5 Dodging
 + Level 3.5 Unarmed Combat
 - Level 2.0 Spellcasting
 + Level 1.7 Alchemy
 + Level 1.5 Shapeshifting


You had 5 spell levels left.
You didn't know any spells.
Your spell library contained the following spells:

 Spells                   Type           Power      Damage    Failure   Level
 Fugue of the Fallen      Necr           1%         N/A       58%         3


Dungeon Overview and Level Annotations

Branches:
Dungeon (1/15)

Altars:


Innate Abilities, Weirdness & Mutations

You are immune to sickness and miasma.
Your stone body is resilient. (AC +2)
You are immune to poison.
You resist negative energy. (rN+)
You are resistant to electric shocks. (rElec)
You are resistant to unholy torment.
You are immune to petrification.


Message History

Your horns disappear.
Your talons disappear.
You see here a +0 hand axe.
f - 2 scrolls labelled JUJEOPAPEA (gained 1)
A kobold comes into view. It is wielding a +0 short sword.
The kobold shouts!
Casting: Beastly Appendage (safe; 12% risk of failure)
Confirm with . or Enter, or press ? or * to list all spells.
You grow a pair of large bovine horns.
Your feet morph into talons.
A quokka comes into view.
You barely miss the kobold. You closely miss the kobold.
Your transformation is almost over.
The kobold hits you but does no damage.
You closely miss the kobold. The kobold hits you but does no damage.
You hit the kobold.
You kill the kobold!
The quokka barely misses you.
You see here a +0 short sword.
You hit the quokka.
You kill the quokka!
No target in view!
No target in view!
Your horns disappear.
Your talons disappear.
Found a stone staircase leading down.
There is a stone staircase leading down here.
Found a stone staircase leading down.
g - a ring of willpower
h - a cyan potion Welcome back, brae the Gargoyle Transmuter.
Press ? for a list of commands and other information.
Unknown background choice: Transmuter You see here a beast talisman.
Your memory of Beastly Appendage unravels.
Your Transmutations skill gained 2 levels and is now at level 3!
Your Alchemy skill increases to level 1!
Welcome back, brae the Gargoyle Shapeshifter.
Press ? for a list of commands and other information.
Are you sure you want to abandon this character and quit the game? (Confirm with "yes".)
Okay, then.
Are you sure you want to abandon this character and quit the game? (Confirm with "yes".)

####.# #.# #.##.## #.##.#
#.####.##.#### #.##.#
#.##.....>...#
#>##.###.##.#.##.##.##
#....................#
####.####.#.#######..####
#.###.#..# #......
#....###.# ##.....
#####@#..# ###### ##%#.#
#...# #####


There were no monsters in sight!

Vanquished Creatures
  2 hobgoblins (D:1)
  3 jackals (D:1)
  2 kobolds (D:1)
  A quokka (D:1)
  A rat (D:1)
9 creatures vanquished.

Notes
Turn   | Place    | Note
-------+----------+-------------------------------------------
     0 | D:1      | brae the Gargoyle Transmuter began the quest for the Orb.
     0 | D:1      | Reached XP level 1. HP: 12/12 MP: 3/3
   181 | D:1      | Reached XP level 2. HP: 4/16 MP: 5/5
   537 | D:1      | Reached skill level 1 in Alchemy
   537 | D:1      | Upgraded the game from 0.30-a0-12-gd8047c6341 to
                  | 0.32-a0-616-g9348d4545b
   538 | D:1      | Quit the game

Illustrated notes

Levels and vault maps discovered:
D:1:      sevenhm_arrival_forest_fort_small_4, layout_loops_ring,
          shapermc_ecumenical_altar_notcrosses

Skill      XL: |  1  2 |
---------------+-------+-----
Transmutations | 3 |  0.0
Alchemy        | 1 |  1.7
Fighting       | |  1.1
Dodging        | |  1.5
Unarmed Combat | |  3.5
Spellcasting   | |  2.0
Shapeshifting  | |  1.5

Action                     || total
---------------------------++-------
  Melee: Unarmed           ||    34
         Headbutt          ||     3
         Kick              ||     2
   Cast: Beastly Appendage ||     4
 Armour: Robe              ||     7
  Dodge: Dodged            ||    17

Table legend: (Time is in decaauts)
 A = Elapsed time spent in this place.
 B = Non-inter-level travel time spent in this place.
 C = Inter-level travel time spent in this place.
 D = Time resting spent in this place.
 E = Time spent auto-exploring this place.
 F = Levels seen in this place.
 G = Mean time per level.
                   A        B        C        D        E       F      G
               +--------+--------+--------+--------+--------+-----+--------+
         Total |    535 |    535 |      0 |    236 |    224 |   1 |  535.0 |
       Dungeon |    535 |    535 |      0 |    236 |    224 |   1 |  535.0 |
               +--------+--------+--------+--------+--------+-----+--------+

Top non-repeatable levels by time:
     D:1: 535 daAuts
